 Dungeon Crawl Stone Soup version 0.28-a0-616-gdeb3d7f7b4 (webtiles) character file.

Game seed: 12654802443610871379

43 MirrMurr the Sneak (level 3, -3/16 HPs)
             Began as a Spriggan Enchanter on Oct 6, 2021.
             Killed from afar by Sigmund (7 damage)
             ... with a magic dart
             ... on level 2 of the Dungeon.
             The game lasted 00:02:43 (2080 turns).

MirrMurr the Sneak (Spriggan Enchanter)             Turns: 2080, Time: 00:02:43

Health: -3/16      AC:  2    Str:  5    XL:     3   Next: 37%
Magic:  5/8        EV: 17    Int: 16    God:
Gold:   68         SH:  0    Dex: 15    Spells: 2/7 levels left

rFire   . . .      SeeInvis +   a - +1 dagger
rCold   . . .      Faith    .   (shield restricted)
rNeg    . . .      Spirit   .   b - +0 robe
rPois   .          Reflect  .   (helmet restricted)
rElec   .          Harm     .   (no cloak)
rCorr   .          Rampage  .   (gloves unavailable)
Will    .....                   (boots unavailable)
Stlth   +++.......              (no amulet)
HPRegen 0.05/turn               (no ring)
MPRegen 0.11/turn               (no ring)

@: confusing by touch, very quick
A: very small, no large weapons, unfitting armour, see invisible, speed 3
a: no special abilities


You were on level 2 of the Dungeon.
You visited 1 branch of the dungeon, and saw 2 of its levels.

You collected 68 gold pieces.

Inventory:

Hand Weapons
 a - a +1 dagger (weapon)
Missiles
 c - 34 stones (quivered)
Armour
 b - a +0 robe (worn)
Scrolls
 d - 2 scrolls of identify {unknown}
 f - a scroll of amnesia {unknown}
 h - a scroll of torment {unknown}
Potions
 e - a potion of lignification {unknown}
 g - a potion of mutation {unknown}


   Skills:
 + Level 2.6 Short Blades
 - Level 2.6 Dodging
 + Level 5.8 Stealth
 - Level 2.6 Spellcasting
 - Level 3.6 Hexes


You had 2 spell levels left.
You knew the following spells:

 Your Spells              Type           Power      Damage    Failure   Level
a - Ensorcelled Hibernat  Hex/Ice        14%        N/A       14%         2
b - Confusing Touch       Hex            13%        N/A       13%         3

Your spell library contained the following spells:

 Spells                   Type           Power      Damage    Failure   Level
 Tukima's Dance           Hex            13%        N/A       13%         3
 Dazzling Flash           Conj/Hex       14%        N/A       28%         3


Dungeon Overview and Level Annotations

Branches:
Dungeon (2/15)

Altars:

Annotations:
D:1 gallery
D:2 1 runed translucent door, Crazy Yiuf, Sigmund


Innate Abilities, Weirdness & Mutations

You are very small and have problems with some larger weapons.
You are too small for most types of armour.
You have supernaturally acute eyesight. (SInv)
You cover ground extremely quickly. (Speed+++)


Message History

c - 19 stones (gained 5)
You see here a +0 dagger.
h - a scroll labelled YRGHEI RAIJ You see here a +0 trident.
There is an open door here.
Found a stone staircase leading up.
c - 34 stones (gained 15)
d - 2 scrolls labelled EMPID JECYM (gained 1) Sigmund shouts!
Sigmund breathes a few words.
Sigmund's hands start flickering wildly.
Casting: Ensorcelled Hibernation (safe; 14% risk of failure)
Confirm with . or Enter, or press ? or * to list all spells.
Aiming: Ensorcelled Hibernation (safe; 14% risk of failure)
Press: ? - help, Shift-Dir - straight line, f - you That would be overly suicidal.
Okay, then.
Casting: Ensorcelled Hibernation (safe; 14% risk of failure)
Confirm with . or Enter, or press ? or * to list all spells.
The spell is potentially lethal to cast (13% risk of failure)!
Continue anyway? [Y]es or [N]o only, please.
The spell is potentially lethal to cast (13% risk of failure)!
Continue anyway? [Y]es or [N]o only, please.
The spell is potentially lethal to cast (13% risk of failure)!
Continue anyway?
Your hands begin to glow red.
Sigmund casts a spell at you. You resist with some effort.
Sigmund is nearby!
Sigmund gestures at you while chanting. The puff of flame hits you!
Ouch! That really hurt!
* * * LOW HITPOINT WARNING * * *
You are too injured to fight recklessly!
You are too injured to fight recklessly!
You are too injured to fight recklessly!
You hit Sigmund but do no damage.
Unknown command.
Sigmund gestures at you while chanting. The magic dart hits you!
You die...

..'....### #...# #.......#
..#....# #)..# #....####
..+....# ##### #....#
..#....# #...?# ###+##'###
######....# #.......#
#.#.#..#### +.......+
#.#@#..######
#.......##.###.#.........#
##.......##.....@.........#
>........######...........#
.........###...#..?.......#
...............#..........#
...............#..........#
...####...)....#..##.######
...# #........##.##.# ####
#........##..#.# ####
######<#.##.. ..


You could see Sigmund.

Vanquished Creatures
  Terence (D:2)
  A dart slug (D:1)
  3 ball pythons (D:1)
  An endoplasm (D:1)
  A goblin (D:2)
  2 hobgoblins (D:1)
  A quokka (D:1)
  4 bats (D:1)
  A kobold (D:2)
  2 rats
17 creatures vanquished.

Notes
Turn   | Place    | Note
-------+----------+-------------------------------------------
     0 | D:1      | MirrMurr the Spriggan Enchanter began the quest for the
                  | Orb.
     0 | D:1      | Reached XP level 1. HP: 9/9 MP: 5/5
     0 | D:1      | Noticed a vine stalker
     1 | D:1      | Noticed an ogre
     4 | D:1      | Noticed a demonspawn
     4 | D:1      | Noticed a dwarf
     8 | D:1      | Noticed a draconian
    11 | D:1      | Noticed an ogre
    13 | D:1      | Noticed an elf
    15 | D:1      | Noticed a minotaur
    15 | D:1      | Noticed a troll
    17 | D:1      | Noticed a minotaur
    17 | D:1      | Noticed a barachi
    17 | D:1      | Noticed an elf
    19 | D:1      | Noticed a formicid
    19 | D:1      | Noticed a demigod
    21 | D:1      | Noticed a merfolk
   669 | D:1      | Found a faded altar of an unknown god.
   833 | D:1      | Reached skill level 5 in Stealth
   833 | D:1      | Reached XP level 2. HP: 13/13 MP: 6/6
   836 | D:1      | Learned a level 2 spell: Ensorcelled Hibernation
  1220 | D:2      | Found a runed translucent door.
  1221 | D:2      | Noticed Crazy Yiuf
  1283 | D:2      | Noticed Sigmund
  1609 | D:2      | Noticed Terence
  1619 | D:2      | Killed Terence
  1620 | D:2      | Reached XP level 3. HP: 11/16 MP: 8/8
  1624 | D:2      | Learned a level 3 spell: Confusing Touch
  2080 | D:2      | Killed from afar by Sigmund

Illustrated notes

Levels and vault maps discovered:
D:1:      shiori_arrival_whats_in_store_for_you, layout_basic,
          ebering_ecumenical_altar_petrified
D:2:      layout_basic, uniq_crazy_yiuf_cottage, uniq_sigmund, uniq_terence

Skill      XL: |  1  2 |
---------------+-------+-----
Stealth        | 5 |  5.8
Short Blades   | 2 |  2.6
Dodging        | |  2.6
Spellcasting   | |  2.6
Hexes          | |  3.6

Action                   || total
-------------------------++-------
Melee: Dagger            ||    64
 Cast: Confusing Touch   ||     1
       Ensorcelled Hiber ||     1
  Use: Potion            ||     1
 Stab: Sleeping          ||     9
Armor: Robe              ||     5
Dodge: Dodged            ||    57

Table legend: (Time is in decaauts)
 A = Elapsed time spent in this place.
 B = Non-inter-level travel time spent in this place.
 C = Inter-level travel time spent in this place.
 D = Time resting spent in this place.
 E = Time spent auto-exploring this place.
 F = Levels seen in this place.
 G = Mean time per level.
                   A        B        C        D        E       F      G
               +--------+--------+--------+--------+--------+-----+--------+
         Total |   1741 |   1702 |     39 |      0 |   1496 |   2 |  870.5 |
       Dungeon |   1741 |   1702 |     39 |      0 |   1496 |   2 |  870.5 |
               +--------+--------+--------+--------+--------+-----+--------+

Top non-repeatable levels by time:
     D:1: 1265 daAuts
     D:2: 476 daAuts
